 Dungeon Crawl Stone Soup version 0.21-a0-150-gc243083 (webtiles) character file.

363 tehllama the Digger (level 6, -3/32 HPs)
             Began as a Gargoyle Earth Elementalist on July 28, 2017.
             Slain by an iguana (11 damage)
             ... on level 4 of the Dungeon.
             The game lasted 00:12:24 (4313 turns).

tehllama the Digger (Gargoyle Earth Elementalist)   Turns: 4313, Time: 00:12:24

Health: -3/32      AC:  9    Str: 11    XL:     6   Next: 67%
Magic:  11/12      EV: 12    Int: 18    God:
Gold:   42         SH:  0    Dex: 10    Spells: 9/13 levels left

rFire    + . .     SeeInvis .   g - +0 flail
rCold    . . .     Gourm    +   (no shield)
rNeg     + . .     Faith    .   c - +0 robe
rPois    ∞         Spirit   .   k - +0 helmet
rElec    +         Reflect  .   y - +0 cloak
rCorr    .         Harm     .   (no gloves)
MR       .....                  A - +0 pair of boots {run}
Stlth    ++........             q - amulet of the gourmand
HPRegen  0.10/turn              v - ring of protection from fire
MPRegen  0.13/turn              (no ring)

@: quick
A: negative energy resistance 1, electricity resistance, unbreathing,
petrification resistance, rot immunity, AC +4
a: no special abilities


You were on level 4 of the Dungeon.
You were completely stuffed.

You visited 2 branches of the dungeon, and saw 6 of its levels.

You collected 207 gold pieces.
You spent 165 gold pieces at shops.

Inventory:

Hand Weapons
 g - a +0 flail (weapon)
Missiles
 b - 43 stones (quivered)
Armour
 c - a +0 robe (worn)
 k - a +0 helmet (worn)
 y - a +0 cloak (worn)
 A - a +0 pair of boots of running (worn)
Jewellery
 i - an uncursed amulet of magic regeneration {unknown}
 q - an amulet of the gourmand (around neck)
 t - an uncursed ring of fire
 v - a ring of protection from fire (left hand)
Scrolls
 a - 3 scrolls of teleportation
 l - a scroll of enchant weapon
 o - a scroll of recharging
 u - a scroll of fear {unknown}
 x - a scroll of remove curse
Potions
 f - a potion of invisibility
 h - 2 potions of ambrosia
 j - 3 potions of mutation
 m - a potion of brilliance {unknown}
 n - 3 potions of curing
 r - 3 potions of flight
 w - a potion of magic {unknown}
Books
 e - a book of Geomancy

   Spells                             Type                      Level
   a - Sandblast                      Earth                        1
   b - Passwall                       Transmutation/Earth          2
   c - Stone Arrow                    Conjuration/Earth            3
   d - Petrify                        Transmutation/Earth          4
   e - Lee's Rapid Deconstruction     Earth                        5
Comestibles
 d - 5 bread rations
 p - 6 fruits
 s - a royal jelly
 z - 3 chunks of flesh


   Skills:
 - Level 1.5 Dodging
 - Level 2.1 Stealth
 + Level 4.0 Spellcasting
 + Level 3.5 Conjurations
   Level 0.7 Transmutations
 + Level 5.9 Earth Magic


You had 9 spell levels left.
You knew the following spells:

 Your Spells              Type           Power        Failure   Level  Hunger
a - Sandblast             Erth           ####..       1%          1    None
b - Stone Arrow           Conj/Erth      ###...       6%          3    ###....


Dungeon Overview and Level Annotations

Branches:
Dungeon (5/15)             Temple (1/1) D:4

Altars:
Ashenzari
Cheibriados
Dithmenos
Elyvilon
Fedhas
Gozag
Hepliaklqana
Kikubaaqudgha
Makhleb
Nemelex Xobeh
Okawaru
Qazlal
Sif Muna
Uskayaw
Wu Jian
Xom
Zin

Shops:
D:4 [

Annotations:
D:5 grandjackal's ghost, novice DsIE


Innate Abilities, Weirdness & Mutations

You are resistant to torment.
Your stone body is resilient. (AC +4)
You are immune to poison.
You resist negative energy. (rN+)
You are resistant to electric shocks. (rElec)
You can survive without breathing.
You are immune to petrification.
You are immune to rotting.


Message History

Some of the chunks of flesh in your inventory have rotted away.
You barely miss the iguana.
The iguana is moderately wounded.
The iguana closely misses you. The iguana bites you!
You hit the iguana.
The iguana is heavily wounded.
The iguana barely misses you.
You hit the iguana but do no damage.
The iguana is heavily wounded.
The iguana bites you.
* * * LOW HITPOINT WARNING * * *
Casting: Sandblast
Confirm with . or Enter, or press ? or * to list all spells.
Aiming: Sandblast
Press: ? - help, Shift-Dir - straight line, f/p - iguana
Aim: an iguana (heavily wounded)
The blast of sand misses the iguana.
b - 43 stones The iguana bites you!
You die...

#####....#.#####.....#
###....... #.#.##.# ##.....##
#.##.##. #####.#.##.#
#...(...####.##.##.
#.......##.#
#.#.......##.##....
#.###......#
#....##.#.##.#####. #.#
###########.#.###.#.##.......
..# #...#.#.##........#####
### #.#...l.....#.###.#
###...#>@.......###.###
###.......#####.#.......#
#......#..#####.#.###.#.#
#......#.....##.#.###.#.#
#...##.#..##.##.#.##..#.#
#...##.#..##.##.#.##.##.#
#.#.............#.......#
#.#.##.###.....##......##
#......# #.....##.##.#.#


You could see an iguana.

Vanquished Creatures
  Menkaure (D:4)
  An orc wizard (D:3)
  A worker ant (D:4)
  10 adders
  3 oozes
  An adder skeleton (D:4)
  5 worms
  A dart slug (D:1)
  A leopard gecko (D:4)
  6 orcs (D:3)
  8 bats
  9 giant cockroaches
  3 goblins (D:1)
  5 hobgoblins
  3 quokkas (D:2)
  3 ball pythons
  A ball python skeleton (D:4)
  A frilled lizard (D:1)
  8 kobolds
  9 rats
80 creatures vanquished.

Notes
Turn   | Place    | Note
-------+----------+-------------------------------------------
     0 | D:1      | tehllama the Gargoyle Earth Elementalist began the quest for the Orb.
     0 | D:1      | Reached XP level 1. HP: 10/10 MP: 3/3
    77 | D:1      | Reached skill level 4 in Earth Magic
    77 | D:1      | Reached XP level 2. HP: 12/15 MP: 0/5
   493 | D:1      | Reached XP level 3. HP: 19/19 MP: 3/6
   498 | D:1      | Learned a level 3 spell: Stone Arrow
  1229 | D:2      | Reached XP level 4. HP: 24/24 MP: 6/8
  1232 | D:2      | Reached skill level 1 in Conjurations
  1233 | D:2      | Reached skill level 5 in Earth Magic
  2008 | D:2      | Found an ornate altar of the Wu Jian Council.
  2010 | D:2      | Found a shadowy altar of Dithmenos.
  2065 | D:3      | Reached XP level 5. HP: 26/28 MP: 5/9
  2100 | D:3      | Found a hide-covered altar of Uskayaw.
  3079 | D:4      | Found Halidifi's Antique Armour Shoppe.
  3232 | D:4      | Found a staircase to the Ecumenical Temple.
  3240 | Temple   | Entered the Ecumenical Temple
  3522 | D:4      | Noticed Menkaure
  3525 | D:4      | Killed Menkaure
  3525 | D:4      | Reached XP level 6. HP: 32/32 MP: 4/11
  4256 | D:4      | Bought a pair of runed boots for 165 gold pieces
  4261 | D:4      | Identified a +0 pair of boots of running (You bought it in a shop on level 4 of the Dungeon)
  4282 | D:5      | Entered Level 5 of the Dungeon
  4282 | D:5      | Noticed grandjackal's ghost (novice DsIE)
  4313 | D:4      | Slain by an iguana

Vault maps used:
D:1:      dpeg_arrival_rooms_c, serial_bayou_ford_a, minmay_split_cup_small
D:2:      cheibrodos_helix_gallery, nicolae_overflow_hidden_temple
D:3:      eat_drink_and_be_merry_uskayaw, first_bread, kennysheep_generic_room_7
D:4:      minmay_temple_entry_nine_rooms, portal_sewer_entry_e, serial_shops,
          shop, uniq_menkaure
Temple:   minmay_temple_curvy_branch

Skill      XL: |  1  2  3  4  5  6 |
---------------+-------------------+-----
Earth Magic    | 4 5 |  5.9
Conjurations   | 1 3 |  3.5
Spellcasting   | 3 4 |  4.0
Dodging        | |  1.5
Stealth        | |  2.1
Transmutations | |  0.7

Action                   |  1- 3 |  4- 6 || total
-------------------------+-------+-------++-------
Melee: Dagger            |    34 |       ||    34
       Club              |    22 |    12 ||    34
       Flail             |       |    49 ||    49
 Cast: Sandblast         |    22 |    69 ||    91
       Stone Arrow       |     1 |    13 ||    14
  Use: Scroll            |       |    15 ||    15
       Potion            |       |     1 ||     1
 Stab: Sleeping          |     1 |     1 ||     2
  Eat: Chunk             |     7 |    16 ||    23
Armor: Robe              |    25 |    50 ||    75
Dodge: Dodged            |    53 |    97 ||   150
